 Dungeon Crawl Stone Soup version 0.32-a0-913-g739538afd8 (webtiles) character file.

Game seed: 14665440733254687937

193 horus123 the Trooper (level 5, -2/50 HPs)
             Began as a Mountain Dwarf Fighter on Apr 9, 2024.
             Slain by an iguana (8 damage)
             ... on level 4 of the Dungeon.
             The game lasted 00:03:07 (2490 turns).

horus123 the Trooper (Mountain Dwarf Fighter)       Turns: 2490, Time: 00:03:08

Health: -2/50      AC: 10    Str: 18    XL:     5   Next: 43%
Magic:  8/8        EV:  6    Int: 11    God:
Gold:   221        SH:  4    Dex:  9    Spells: 5/8 levels left

rFire   . . .        a - +0 war axe
rCold   . . .        c - +0 buckler
rNeg    . . .        n - +0 chain mail
rPois   .            (no helmet)
rElec   .            (no cloak)
rCorr   .            g - +0 pair of gloves
SInv    .            (no boots)
Will    .....        (no amulet) Stlth
                     (no ring)
HPRegen 0.28/turn    (no ring)
MPRegen 0.11/turn

%: no passive effects
@: no status effects
A: runic magic, artefact enchanting
a: no special abilities


You were on level 4 of the Dungeon.
You visited 1 branch of the dungeon, and saw 4 of its levels.

You collected 221 gold pieces.

Inventory:

Hand Weapons
 a - a +0 war axe (weapon)
Missiles
 k - a throwing net (quivered)
Armour
 b - a +0 scale mail
 c - a +0 buckler (worn)
 g - a +0 pair of gloves (worn)
 n - a +0 chain mail (worn)
 t - a +0 ring mail
Jewellery
 j - a ring of fire
 o - an amulet of guardian spirit
 v - a +5 ring of evasion
Scrolls
 e - 2 scrolls of teleportation {unknown}
 i - 2 scrolls of blinking {unknown}
 l - a scroll of enchant weapon {unknown}
 m - 6 scrolls of identify {unknown}
 q - a scroll of vulnerability {unknown}
 s - a scroll of immolation {unknown}
 u - a scroll of fear {unknown}
Potions
 d - 2 potions of might
 f - 2 potions of lignification {unknown}
 h - 3 potions of brilliance {unknown}
 p - 2 potions of attraction {unknown}
 r - 2 potions of curing {unknown}


   Skills:
 - Level 6.0 Fighting
 - Level 2.4 Axes
 - Level 3.2 Armour
 - Level 3.2 Shields
 + Level 2.2 Spellcasting


You had 5 spell levels left.
You knew the following spells:

 Your Spells              Type           Power      Damage    Failure   Level
a - Teleport Other        Tloc           1%         N/A       88%         3

Your spell library contained the following spells:

 Spells                   Type           Power      Damage    Failure   Level
 Slow                     Hex            4%         N/A       54%         1
 Confusing Touch          Hex            1%         N/A       88%         3
 Vampiric Draining        Necr           1%         2d6       88%         3
 Dispersal                Tloc           0%         N/A       100%        6
 Gell's Gavotte           Tloc           0%         2d(11-16) 100%        6


Dungeon Overview and Level Annotations

Branches:
Dungeon (4/15)             Temple (0/1) D:4

Altars:

Shops:
D:1 :   D:3 *

Annotations:
D:4 1 runed translucent door, Crazy Yiuf, Natasha


Innate Abilities, Weirdness & Mutations

Your spellcasting is much less encumbered by armour.
You can use scrolls of enchantment on lesser artefacts.


Message History

You barely miss the iguana.
The iguana is heavily wounded.
You closely miss Natasha. The iguana bites you. Natasha claws you.
The cerulean imp hits you but does no damage.
The iguana bites you!
You are too injured to fight recklessly!
You are too injured to fight recklessly!
Unknown command.
You closely miss Natasha. You barely miss the iguana. Natasha claws you.
The cerulean imp hits you but does no damage.
You block the iguana's attack. Natasha closely misses you.
You slash Natasha!
Natasha is almost dead.
You closely miss the iguana.
The cerulean imp hits you but does no damage.
You block the iguana's attack. Natasha barely misses you.
The cerulean imp hits you but does no damage.
The iguana bites you.
You barely miss Natasha.
Natasha is almost dead.
You closely miss the iguana. Natasha barely misses you.
The cerulean imp hits you but does no damage.
The iguana bites you!
* * * LOW HITPOINT WARNING * * *
Natasha claws you.
* * * LOW HITPOINT WARNING * * *
You closely miss Natasha.
Natasha is almost dead.
You closely miss the iguana.
The cerulean imp hits you but does no damage.
The iguana barely misses you. You block Natasha's attack.
The cerulean imp hits you from afar with a +2 spear.
* * * LOW HITPOINT WARNING * * *
The iguana bites you but does no damage.
You barely miss Natasha.
Natasha is almost dead.
You closely miss the iguana. Natasha claws you but does no damage.
The cerulean imp hits you but does no damage.
The iguana bites you!
You die...

...............#.P>P.#.#.......
#.#..######....#.P.....##.##.####
....... ........................
#.#..### #.......................
.#... #...###..#.#..##.##.###. .#
... ....###..#.......# .#
#................... .
#..###..#.#.###.##.#. .. #
#@h.............. ..
.......l.5..........# #. ..
##................... .
##........#.## ... #...#..#...#
#...#.#..... .............
##...#.#.#....


You could see an iguana, Natasha and a cerulean imp (summoned).

Vanquished Creatures
  Natasha (twice) (D:4)
  3 gnolls (D:2)
  4 adders
  2 ufetubi (D:4)
  2 dart slugs
  5 endoplasms
  3 giant cockroaches
  9 goblins
  2 hobgoblins
  7 jackals
  4 quokkas
  3 ball pythons
  5 bats
  3 frilled lizards
  4 kobolds
  6 rats
64 creatures vanquished.

Notes
Turn   | Place    | Note
-------+----------+-------------------------------------------
     0 | D:1      | horus123 the Mountain Dwarf Fighter began the quest for the
                  | Orb.
     0 | D:1      | Reached XP level 1. HP: 19/19 MP: 1/1
     3 | D:1      | Found Futofese's Book Shoppe.
   231 | D:1      | Reached XP level 2. HP: 27/27 MP: 2/2
   238 | D:1      | Reached skill level 4 in Fighting
   934 | D:2      | Reached XP level 3. HP: 33/34 MP: 3/3
  1288 | D:2      | Reached skill level 5 in Fighting
  1429 | D:2      | Reached XP level 4. HP: 35/42 MP: 4/4
  1550 | D:2      | Learned a level 3 spell: Teleport Other
  1902 | D:3      | Found Febophiuta's General Store.
  2107 | D:4      | Reached skill level 6 in Fighting
  2148 | D:4      | Found a runed translucent door.
  2149 | D:4      | Noticed Crazy Yiuf
  2197 | D:4      | Noticed Natasha
  2204 | D:4      | Killed Natasha
  2205 | D:4      | Reached skill level 1 in Spellcasting
  2205 | D:4      | Reached XP level 5. HP: 41/50 MP: 4/6
  2218 | D:4      | Noticed Natasha
  2220 | D:4      | Killed Natasha
  2424 | D:4      | Found a staircase to the Ecumenical Temple.
  2481 | D:4      | Noticed Natasha
  2490 | D:4      | Slain by an iguana

Illustrated notes

Levels and vault maps discovered:
D:1:      scummos_arrival_hexagon, layout_basic, serial_shops, shop,
          chequers_serial_rivers_large_a, hex_tiny
D:2:      layout_loops_ring
D:3:      layout_rooms, serial_shops, shop_fountains
D:4:      layout_basic, minmay_temple_entry_overgrown, serial_demonic,
          serial_demonic_c, serial_demonic_a, serial_demonic_f,
          serial_demonic_b, serial_demonic_d, serial_demonic_f,
          roderic_lattice_a, uniq_natasha, uniq_crazy_yiuf_cottage

Skill      XL: |  1  2  3  4  5 |
---------------+----------------+-----
Fighting       | 4 5 6 |  6.0
Spellcasting   | 1 2 |  2.2
Axes           | |  2.4
Armour         | |  3.2
Shields        | |  3.2

Action                     |  1- 3 |  4- 6 || total
---------------------------+-------+-------++-------
  Melee: War axe           |   114 |    84 ||   198
   Stab: Distracted        |       |     1 ||     1
 Armour: Scale mail        |    55 |       ||    55
         Chain mail        |    20 |    99 ||   119
  Dodge: Dodged            |    53 |    38 ||    91
  Block: Buckler           |    21 |    21 ||    42

Table legend: (Time is in decaauts)
 A = Elapsed time spent in this place.
 B = Non-inter-level travel time spent in this place.
 C = Inter-level travel time spent in this place.
 D = Time resting spent in this place.
 E = Time spent auto-exploring this place.
 F = Levels seen in this place.
 G = Mean time per level.
                   A        B        C        D        E       F      G
               +--------+--------+--------+--------+--------+-----+--------+
         Total |   2578 |   2540 |     38 |     69 |   1913 |   4 |  644.5 |
       Dungeon |   2578 |   2540 |     38 |     69 |   1913 |   4 |  644.5 |
               +--------+--------+--------+--------+--------+-----+--------+

Top non-repeatable levels by time:
     D:1: 965 daAuts
     D:2: 809 daAuts
     D:4: 409 daAuts
     D:3: 394 daAuts
